 Dungeon Crawl Stone Soup version 0.30.1-11-g7821555f0a (webtiles) character file.

Game seed: 8022409656477990142

50 ArcelyAbella the Sneak (level 4, -3/33 HPs)
             Began as a Human Brigand on Jan 11, 2024.
             Killed by divine providence
             ... invoked by an orc priest
              (16 damage)
             ... on level 3 of the Dungeon.
             The game lasted 00:04:04 (665 turns).

ArcelyAbella the Sneak (Human Brigand)               Turns: 665, Time: 00:04:04

Health: -3/33      AC:  3    Str: 11    XL:     4   Next: 4%
Magic:  4/4        EV: 12    Int: 14    God:
Gold:   55         SH:  0    Dex: 14    Spells: 2/3 levels left

rFire   . . .        a - +2 dagger (heavy)
rCold   + . .        (no shield)
rNeg    . . .        b - +0 robe
rPois   .            (no helmet)
rElec   .            c - +0 cloak
rCorr   +            (no gloves)
SInv    .            (no boots)
Will    +....        (no amulet)
Stlth   +++          g - ring of resist corrosion
HPRegen 0.25/turn    (no ring)
MPRegen 0.09/turn

%: no passive effects
@: no status effects
A: cold resistance 1, strong-willed 1, subdued magic 1
a: no special abilities


You were on level 3 of the Dungeon.
You visited 1 branch of the dungeon, and saw 3 of its levels.

You collected 55 gold pieces.

Inventory:

Hand Weapons
 a - a +2 heavy dagger (weapon)
Missiles
 d - 2 poisoned darts (quivered)
 e - 3 curare-tipped darts
Armour
 b - a +0 robe (worn)
 c - a +0 cloak (worn)
Jewellery
 g - a ring of resist corrosion (left hand)
Potions
 f - a potion of mutation
 h - a potion of heal wounds {unknown}


   Skills:
 * Level 2.3 Fighting
 * Level 2.3 Short Blades
 * Level 2.3 Throwing
 * Level 0.6 Armour
 * Level 1.6 Dodging
 * Level 4.5 Stealth


You had 2 spell levels left.
You knew the following spells:

 Your Spells              Type           Power      Damage    Failure   Level
a - Beastly Appendage     Tmut           0%         N/A       24%         1

Your spell library contained the following spells:

 Spells                   Type           Power      Damage    Failure   Level
 Wereblood                Tmut           0%         N/A       34%         2
 Ignite Poison            Fire/Tmut/Pois 0%         N/A       61%         3
 Spider Form              Tmut/Pois      0%         N/A       61%         3
 Volatile Blastmotes      Fire/Tloc      0%         2d10      61%         3
 Summon Ice Beast         Ice/Summ       0%         N/A       95%         4


Dungeon Overview and Level Annotations

Branches:
Dungeon (3/15)

Altars:


Innate Abilities, Weirdness & Mutations

Your flesh is cold resistant. (rC+)
You are strong-willed. (Will+)
Your spells are a little easier to cast, but a little less powerful.


Message History

The orc is lightly wounded.
The orc hits you but does no damage.
You puncture the orc!
You kill the orc!
The frilled lizard hisses.
Throw: 6 darts (poison)
Press: ? - help, Q - select action, (/) - cycle Shift-Dir - straight line, f - orc priest
Aim: an orc priest, wielding a +0 trident (60% to hit)
You throw a poisoned dart.
The poisoned dart barely misses the orc priest.
The frilled lizard bites you but does no damage.
Throw: 5 darts (poison)
Press: ? - help, Q - select action, (/) - cycle Shift-Dir - straight line, f/p - orc priest
Aim: an orc priest, wielding a +0 trident (60% to hit)
You throw a poisoned dart.
The poisoned dart barely misses the orc priest.
The orc priest invokes the aid of Beogh against you.
Pain shoots through your body! The frilled lizard bites you.
Throw: 4 darts (poison)
Press: ? - help, Q - select action, (/) - cycle Shift-Dir - straight line, f/p - orc priest
Aim: an orc priest, wielding a +0 trident (60% to hit)
You throw a poisoned dart. The poisoned dart hits the orc priest.
The orc priest is poisoned.
The frilled lizard closely misses you. The orc priest barely misses you.
Throw: 3 darts (poison)
Press: ? - help, Q - select action, (/) - cycle Shift-Dir - straight line, f/p - orc priest
Aim: an orc priest, wielding a +0 trident (lightly wounded, poisoned, 60% to hit)
You throw a poisoned dart. The poisoned dart hits the orc priest.
The orc priest looks even sicker.
The orc priest is lightly wounded.
The orc priest misses you. The frilled lizard closely misses you.
The frilled lizard closely misses you. The frilled lizard barely misses you.
The orc priest invokes the aid of Beogh against you.
Beogh smites you!
You hit the frilled lizard.
You kill the frilled lizard!
The orc priest calls down the wrath of Beogh upon you.
Beogh smites you!
You die...

..# ##...#..####...##.o.(..
..# #......####.....#......
..# #....#.# #.............
#.#####....#.# #....(..!.....
....##...#.#.###.[...........
##.....#.#.#..###....(###.###
##...###)#.##..##...(.#..(#
##.#.# #.#.###..........# #
.....# #.#.. ###@..o.)((#
.........##. #........#
#.###..>.# . ##.....### #...
..... #.......# #.........
....##.##.# . ........ .....
..# ..# . ............. ####
#... .... ##.. ... #.


You could see an orc priest (very poisoned).

Vanquished Creatures
  An adder (D:3)
  7 orcs (D:3)
  4 ball pythons
  A giant cockroach (D:2)
  A goblin (D:1)
  2 hobgoblins
  2 jackals (D:1)
  A kobold (D:1)
  3 quokkas
  2 bats
  3 frilled lizards
  5 rats
32 creatures vanquished.

Notes
Turn   | Place    | Note
-------+----------+-------------------------------------------
     0 | D:1      | ArcelyAbella the Human Brigand began the quest for the Orb.
     0 | D:1      | Reached XP level 1. HP: 16/16 MP: 1/1
    34 | D:1      | Reached XP level 2. HP: 12/22 MP: 2/2
   234 | D:2      | Got Sif Muna's Folio of Cinders and the Deep Freeze
   243 | D:2      | Learned a level 1 spell: Beastly Appendage
   264 | D:2      | Reached XP level 3. HP: 26/27 MP: 3/3
   324 | D:3      | Gained mutation: You are strong-willed. (Will+) [potion of
                  | mutation]
   324 | D:3      | Gained mutation: Your spells are a little easier to cast,
                  | but a little less powerful. [potion of mutation]
   324 | D:3      | Gained mutation: Your flesh is cold resistant. (rC+)
                  | [potion of mutation]
   627 | D:3      | Reached XP level 4. HP: 28/33 MP: 4/4
   665 | D:3      | Killed from afar by an orc priest

Illustrated notes

Levels and vault maps discovered:
D:1:      dpeg_arrival_court, layout_rooms, serial_shops, shop
D:2:      layout_rooms
D:3:      layout_rooms, uniq_pargi

Action                     |  1- 3 |  4- 6 || total
---------------------------+-------+-------++-------
  Melee: Dagger            |    57 |     4 ||    61
         Punch             |     1 |       ||     1
  Throw: Dart              |    22 |     4 ||    26
    Use: Scroll            |     3 |       ||     3
         Potion            |     1 |       ||     1
   Stab: Sleeping          |     4 |       ||     4
 Armour: Robe              |    14 |     2 ||    16
  Dodge: Dodged            |    43 |     6 ||    49
